Map: Frostline LE

Players

Chirartem - Winner!

  • Race: Protoss Protoss
  • League: Grandmaster
  • Spawn Location: 1:00

ИИ 1 (эксперт)

  • Race: Zerg Zerg
  • Spawn Location: 7:00

VOD

Have the link to the VOD?

Description

In PvT you research charge for zealots, in PvP you send probe after building first gas. In that game i went with my DTs to zerg's second base, because it is AI and he's stupid and has no detection there. On ladder i NEVER go to second base with DTs, you'll just lose them.

Time

  • Played on: Dec. 13, 2024, 8:35 a.m.
  • Length: 6:36
Show
View Real Time Build Order
Export as new Build Order

Chirartem Protoss - Winner!

Build Orders: Archon Immortal, Archon Drop, Dark Templar Rush 

Get SALT Encoding   

  12  0:00  Probe  
  13  0:12  Probe  
  14  0:17  Pylon  
  14  0:22  Probe  
  15  0:31  Probe  
  16  0:36  Gateway  
  16  0:39  Probe  
  16  0:46  Assimilator  
  17  0:51  Probe  
  17  0:55  Assimilator  
  18  0:59  Probe  
  19  1:07  Probe  
  19  1:18  Probe  
  20  1:23  Cybernetics Core  
  21  1:30  Probe  
  21  1:31  Pylon  
  22  1:42  Probe  
  24  1:54  Probe  
  24  1:59  Twilight Council, Stalker  
  24  2:00  Warp Gate  
  26  2:12  Robotics Facility  
  26  2:37  Dark Shrine  
  26  2:43  Gateway  
  26  2:44  Gateway  
  25  2:48  Warp Prism  
  27  3:07  Gateway  
  27  3:17  Pylon  
  27  3:23  Pylon  
  27  3:49  Dark Templar x3  
  33  4:01  Immortal  
  33  4:16  Pylon  
  37  4:17  Pylon  
  37  4:32  Immortal  
  41  5:02  Immortal  
  41  5:08  Pylon  
  45  5:26  Dark Templar  
  45  5:27  Zealot  
  49  5:29  Zealot  
  49  5:31  Archon x2  
  51  5:41  Immortal  
  55  5:59  Stalker  
  55  6:01  Stalker  
  59  6:21  Zealot x2  
  59  6:22  Zealot  
Show
View Real Time Build Order
Export as new Build Order

ИИ 1 (эксперт) Zerg 

Build Orders: Pool First 

Get SALT Encoding   

  12  0:00  Drone  
  13  0:12  Overlord  
  13  0:17  Drone  
  14  0:30  Drone x2  
  16  0:42  Spawning Pool  
  15  0:44  Drone  
  15  0:48  Drone  
  17  1:11  Drone, Hatchery  
  17  1:14  Extractor  
  17  1:16  Drone  
  17  1:20  Drone  
  18  1:28  Drone  
  19  1:38  Overlord  
  19  1:49  Drone, Queen  
  22  2:00  Zergling x2  
  23  2:10  Drone  
  24  2:21  Drone  
  25  2:24  Queen  
  25  2:27  Roach Warren  
  26  2:33  Drone  
  26  2:35  Extractor  
  26  2:38  Drone  
  27  2:44  Overlord  
  27  2:48  Drone  
  28  2:51  Drone  
  28  2:54  Drone  
  28  2:58  Drone  
  31  3:04  Drone  
  33  3:05  Zergling x2  
  33  3:12  Roach, Zergling x2  
  36  3:15  Roach  
  36  3:19  Roach  
  40  3:23  Roach  
  40  3:26  Drone  
  43  3:28  Drone  
  43  3:33  Overlord  
  44  3:52  Drone x3  
  44  3:54  Overlord  
  47  4:02  Spore Crawler  
  45  4:10  Spore Crawler  
  45  4:14  Zergling x2  
  45  4:18  Lair  
  45  4:21  Drone  
  46  4:26  Zergling x2  
  46  4:31  Drone  
  47  4:43  Spawning Pool  
  45  5:03  Spawning Pool  
  44  5:15  Overseer  
  44  5:20  Spawning Pool  
  42  5:32  Drone x2  
  44  5:41  Hydralisk Den  
  43  5:44  Hatchery  
  42  5:57  Extractor  
  42  6:00  Drone, Extractor  
  42  6:03  Drone  
  42  6:06  Drone  
  42  6:08  Zergling x2  
  42  6:09  Spore Crawler, Drone  
  43  6:11  Hydralisk  
  43  6:12  Drone, Roach Warren  
  43  6:14  Zergling x2  
Tags
 
Add a new tag
Caveats
  • Supply blocks, unpowered buildings, or Contaminate may cause inaccurate times.
  • Supply counts are checked every 10 seconds.